 Dungeon Crawl Stone Soup version 0.24-a0-779-g36f0aeb843 (webtiles) character file.

Game seed: 15112207483084555987, levelgen mode: deterministic

455 Kohma the Magician (level 7, 0/50 HPs)
             Began as a Gnoll Wanderer on Oct 8, 2019.
             Succumbed to a water moccasin's poison
             ... on level 4 of the Dungeon.
             The game lasted 00:13:41 (4962 turns).

Kohma the Magician (Gnoll Wanderer)                 Turns: 4962, Time: 00:13:42

Health: 0/50       AC: 11    Str: 18    XL:     7   Next: 5%
Magic:  0/15       EV: 10    Int: 16    God:
Gold:   173        SH:  0    Dex: 11    Spells: 11/16 levels left

rFire    . . .     SeeInvis .   j - +0 hunting sling
rCold    . . .     Gourm    .   (no shield)
rNeg     + . .     Faith    .   o - +3 scale mail {rN+}
rPois    .         Spirit   .   y - +0 helmet
rElec    .         Reflect  .   (no cloak)
rCorr    +         Harm     .   (no gloves)
MR       .....                  (no boots)
Stlth    +.........             (no amulet)
HPRegen  0.16/turn              (no ring)
MPRegen  0.14/turn              w - ring of resist corrosion

@: lethally poisoned (0 -> -19), very slightly contaminated
A: distributed training, fangs 1, strong nose
a: no special abilities


You were on level 4 of the Dungeon.
You were not hungry.

You visited 1 branch of the dungeon, and saw 4 of its levels.

You collected 173 gold pieces.

Inventory:

Hand Weapons
 a - a +0 club
 j - a +0 hunting sling (weapon)
Missiles
 h - 141 stones (quivered)
Armour
 o - a +3 scale mail of positive energy (worn)
 y - a +0 helmet (worn)
Jewellery
 b - an uncursed ring of see invisible {unknown}
 u - an uncursed ring of ice
 w - a ring of resist corrosion (right hand)
Scrolls
 d - 3 scrolls of teleportation
 l - a scroll of identify
 m - a scroll of remove curse {unknown}
 n - 2 scrolls of immolation
 r - a scroll of amnesia
Potions
 c - a potion of lignification
 e - a potion of mutation
 g - a potion of magic
 i - a potion of resistance
Comestibles
 f - 12 rations
 k - a chunk of flesh


   Skills:
 + Level 2.2 Fighting
 + Level 2.2 Short Blades
 + Level 2.2 Long Blades
 + Level 2.2 Axes
 + Level 5.1 Maces & Flails
 + Level 2.2 Polearms
 + Level 2.2 Staves
 + Level 2.2 Slings
 + Level 2.2 Bows
 + Level 2.2 Crossbows
 + Level 3.4 Throwing
 + Level 3.4 Armour
 + Level 2.2 Dodging
 + Level 3.2 Stealth
 + Level 2.2 Shields
 + Level 2.2 Unarmed Combat
 + Level 5.4 Spellcasting
 + Level 1.7 Conjurations
 + Level 1.7 Hexes
 + Level 1.7 Charms
 + Level 1.7 Summonings
 + Level 4.2 Necromancy
 + Level 1.7 Translocations
 + Level 1.7 Transmutations
 + Level 1.7 Fire Magic
 + Level 1.7 Ice Magic
 + Level 1.7 Air Magic
 + Level 2.8 Earth Magic
 + Level 1.7 Poison Magic
 + Level 2.4 Invocations
 + Level 2.2 Evocations


You had 11 spell levels left.
You knew the following spells:

 Your Spells              Type           Power        Failure   Level  Hunger
a - Pain                  Necr           ###.         8%          1    None
b - Animate Skeleton      Necr           N/A          8%          1    None
c - Regeneration          Chrm/Necr      ##........   36%         3    ###....

Your spell library contained the following spells:

 Spells                   Type           Power        Failure   Level  Hunger
 Vampiric Draining        Necr           ###.......   24%         3    ###....
 Animate Dead             Necr           N/A          61%         4    ####...


Dungeon Overview and Level Annotations

Branches:
Dungeon (4/15)
 Temple: D:4-7

Altars:
Qazlal
Yredelemnul

Shops:
D:4 *


Innate Abilities, Weirdness & Mutations

Your experience applies equally to all skills.
You have very sharp teeth.
Your uncanny sense of smell can sniff out nearby items.


Message History

The water moccasin writhes in agony.
* * * LOW HITPOINT WARNING * * *
You feel sick. The water moccasin closely misses you.
You are too injured to fight recklessly!
You are too injured to fight recklessly!
Firing (i - inventory. (/) - cycle)
t - 2 sling bullets (quivered)
Press: ? - help, Shift-Dir - straight line, f/p - water moccasin
Aim: a water moccasin (almost dead)
You shoot a sling bullet.
The sling bullet hits the water moccasin but does no damage.
The water moccasin is almost dead.
* * * LOW HITPOINT WARNING * * *
You feel sick. The water moccasin closely misses you.
The water moccasin barely misses you.
Firing (i - inventory. (/) - cycle)
t - a sling bullet (quivered)
Press: ? - help, Shift-Dir - straight line, f/p - water moccasin
Aim: a water moccasin (almost dead)
You shoot a sling bullet.
The sling bullet closely misses the water moccasin.
You die...

#.#..............
#.##########.#.##
########.##########.#.##
+......................+
#...........######.#.##
#...........# #.#.##
#...........######.#.##
#................#.#.##
+.....@#####.....#.#.##
#....S†# #.....#.#.##
.....(#.'.∩.+.....'.#.##
#####.#.#...#.....### #
#.#####.....+ #+#
........# ..........#
♣.....♣♣♣.# ≈≈≈≈≈≈≈≈ .#


You could see a water moccasin.

Vanquished Creatures
  3 hounds (D:4)
  A human zombie (D:3)
  3 orc priests (D:4)
  2 orc wizards
  Terence (D:2)
  Robin (D:3)
  5 adders
  An ooze (D:4)
  4 worms
  9 orcs
  11 bats
  14 giant cockroaches
  11 goblins
  3 hobgoblins (D:3)
  8 kobolds
  A quokka (D:2)
  3 frilled lizards
  A leopard gecko skeleton (D:4)
  4 rats
86 creatures vanquished.

Vanquished Creatures (collateral kills)
  An orc wizard (D:4)
  A rat (D:1)
2 creatures vanquished.

Grand Total: 88 creatures vanquished

Notes
Turn   | Place    | Note
-------+----------+-------------------------------------------
     0 | D:1      | Kohma the Gnoll Wanderer began the quest for the Orb.
     0 | D:1      | Kohma set off with the following items: a +0 club, a +0
                  | ring mail, a potion of lignification, a ration; and the
                  | following spells available to memorise: Animate Skeleton,
                  | Pain, Vampiric Draining, Regeneration, Animate Dead
     0 | D:1      | Reached XP level 1. HP: 13/13 MP: 6/6
     2 | D:1      | Learned a level 1 spell: Pain
     4 | D:1      | Learned a level 1 spell: Animate Skeleton
   371 | D:1      | Reached XP level 2. HP: 17/19 MP: 4/7
  1189 | D:2      | Reached XP level 3. HP: 22/25 MP: 2/9
  1262 | D:2      | Reached skill level 5 in Spellcasting
  1304 | D:2      | Reached skill level 1 in Invocations
  1556 | D:2      | Found a stormy altar of Qazlal.
  1797 | D:2      | Learned a level 3 spell: Regeneration
  1800 | D:2      | Reached skill level 1 in Fighting
  1800 | D:2      | Reached skill level 1 in Short Blades
  1800 | D:2      | Reached skill level 1 in Long Blades
  1800 | D:2      | Reached skill level 1 in Axes
  1800 | D:2      | Reached skill level 1 in Polearms
  1800 | D:2      | Reached skill level 1 in Staves
  1800 | D:2      | Reached skill level 1 in Slings
  1800 | D:2      | Reached skill level 1 in Bows
  1800 | D:2      | Reached skill level 1 in Crossbows
  1800 | D:2      | Reached skill level 1 in Dodging
  1800 | D:2      | Reached skill level 1 in Shields
  1800 | D:2      | Reached skill level 1 in Unarmed Combat
  1800 | D:2      | Reached skill level 1 in Evocations
  1928 | D:2      | Reached XP level 4. HP: 31/32 MP: 8/11
  2026 | D:2      | Noticed Terence
  2040 | D:2      | Killed Terence
  2484 | D:3      | Reached skill level 1 in Conjurations
  2484 | D:3      | Reached skill level 1 in Hexes
  2484 | D:3      | Reached skill level 1 in Charms
  2484 | D:3      | Reached skill level 1 in Summonings
  2484 | D:3      | Reached skill level 1 in Translocations
  2484 | D:3      | Reached skill level 1 in Transmutations
  2484 | D:3      | Reached skill level 1 in Fire Magic
  2484 | D:3      | Reached skill level 1 in Ice Magic
  2484 | D:3      | Reached skill level 1 in Air Magic
  2484 | D:3      | Reached skill level 1 in Poison Magic
  2645 | D:3      | Found a runed translucent door.
  2645 | D:3      | Noticed a human
  2669 | D:3      | Reached XP level 5. HP: 18/37 MP: 12/12
  2839 | D:3      | Found a basalt altar of Yredelemnul.
  3670 | D:3      | Noticed Robin
  3688 | D:3      | Killed Robin
  3874 | D:4      | Reached XP level 6. HP: 25/44 MP: 11/13
  4420 | D:4      | Reached skill level 5 in Maces & Flails
  4923 | D:4      | Reached XP level 7. HP: 46/50 MP: 15/15
  4943 | D:4      | Found Lutavyckao's Serpentskin Sales.
  4961 | D:4      | HP: 1/50 [poisoned by a water moccasin]
  4962 | D:4      | Succumbed to a water moccasin's poison

Levels and vault maps discovered:
D:1:      onia_arrival_mini_spirals, layout_basic
D:2:      minmay_roachtagon, layout_loops_cross, nicolae_overflow_hidden_temple,
          uniq_terence
D:3:      layout_basic, first_ration, dk_yredelemnul_ordeal, uniq_robin
D:4:      layout_basic, tso_altar, minmay_temple_entry_water_ring,
          guppyfry_shop_venom

Skill      XL: |  1  2  3  4  5  6 |
---------------+-------------------+-----
Earth Magic    | 2 |  2.8
Spellcasting   | 5 |  5.4
Invocations    | 1 2 |  2.4
Fighting       | 1 2 |  2.2
Short Blades   | 1 2 |  2.2
Long Blades    | 1 2 |  2.2
Axes           | 1 2 |  2.2
Polearms       | 1 2 |  2.2
Staves         | 1 2 |  2.2
Slings         | 1 2 |  2.2
Bows           | 1 2 |  2.2
Crossbows      | 1 2 |  2.2
Dodging        | 1 2 |  2.2
Shields        | 1 2 |  2.2
Unarmed Combat | 1 2 |  2.2
Evocations     | 1 2 |  2.2
Conjurations   | 1 |  1.7
Hexes          | 1 |  1.7
Charms         | 1 |  1.7
Summonings     | 1 |  1.7
Translocations | 1 |  1.7
Transmutations | 1 |  1.7
Fire Magic     | 1 |  1.7
Ice Magic      | 1 |  1.7
Air Magic      | 1 |  1.7
Poison Magic   | 1 |  1.7
Throwing       | 3 |  3.4
Armour         | 3 |  3.4
Necromancy     | 4 |  4.2
Stealth        | 3 |  3.2
Maces & Flails | 5 |  5.1

Action                   |  1- 3 |  4- 6 |  7- 9 || total
-------------------------+-------+-------+-------++-------
Melee: Club              |    19 |       |       ||    19
       Bite              |     2 |       |       ||     2
 Fire: Hunting sling     |    71 |   196 |     2 ||   269
 Cast: Pain              |    31 |    56 |    13 ||   100
       Animate Skeleton  |     5 |     4 |       ||     9
       Regeneration      |       |     1 |       ||     1
  Use: Scroll            |       |    11 |       ||    11
       Potion            |       |     2 |     1 ||     3
  Eat: Chunk             |     3 |     9 |       ||    12
Armor: Ring mail         |    41 |     2 |       ||    43
       Scale mail        |       |    70 |     7 ||    77
       Skin              |       |    14 |       ||    14
Dodge: Dodged            |    52 |    74 |    12 ||   138

Table legend:
 A = Non-vault XP
 B = Vault XP
 C = Vault XP percentage of total XP
 D = Non-vault monster count
 E = Vault monster count
 F = Vault count percentage of total count
                 A         B        C        D         E       F
            +---------+---------+-------+---------+---------+-------
      Total |     516 |     134 |  20.6 |      68 |      20 |  22.7
            +---------+---------+-------+---------+---------+-------
        D:1 |      23 |       0 |   0.0 |      16 |       0 |   0.0
        D:2 |      54 |      52 |  49.1 |      15 |      11 |  42.3
        D:3 |     107 |      69 |  39.2 |      22 |       8 |  26.7
        D:4 |     332 |      13 |   3.8 |      15 |       1 |   6.2
            +---------+---------+-------+---------+---------+-------
